 Dungeon Crawl Stone Soup version 0.27.1-33-g824d729ab1 (webtiles) character file.

Game seed: 13227889316187663739

62 zeram the Chopper (level 4, 0/40 HPs)
             Began as a Hill Orc Fighter on Dec 2, 2021.
             Succumbed to an adder's poison
             ... on level 2 of the Dungeon.
             The game lasted 00:01:21 (1118 turns).

zeram the Chopper (Hill Orc Fighter)                Turns: 1118, Time: 00:01:22

Health: 0/40       AC:  7    Str: 19    XL:     4   Next: 8%
Magic:  4/4        EV:  7    Int:  8    God:
Gold:   77         SH:  9    Dex: 10    Spells: 3/3 levels left

rFire    . . .     SeeInvis .   a - +0 war axe
rCold    . . .     Faith    .   c - +0 kite shield
rNeg     . . .     Spirit   .   b - +0 scale mail
rPois    .         Reflect  .   (no helmet)
rElec    .         Harm     .   (no cloak)
rCorr    .         Rampage  .   (no gloves)
Will     .....                  (no boots)
Stlth    ..........             (no amulet)
HPRegen  0.13/turn              (no ring)
MPRegen  0.09/turn              (no ring)

@: mighty, lethally poisoned (0 -> -4)
A: no striking features
a: no special abilities


You were on level 2 of the Dungeon.
You visited 1 branch of the dungeon, and saw 2 of its levels.

You collected 77 gold pieces.

Inventory:

Hand Weapons
 a - a +0 war axe (weapon)
Armour
 b - a +0 scale mail (worn)
 c - a +0 kite shield (worn)
Wands
 h - a wand of charming (13)
Scrolls
 e - 2 scrolls of teleportation {unknown}
 f - 2 scrolls of blinking {unknown}
 g - 2 scrolls of identify {unknown}
Potions
 d - 2 potions of might


   Skills:
 + Level 3.9 Fighting
 + Level 4.0 Axes
 + Level 3.7 Armour
 + Level 0.4 Dodging
 + Level 3.9 Shields


You had 3 spell levels left.
You didn't know any spells.
Your spell library contained the following spells:

 Spells                   Type           Power      Damage    Failure   Level
 Magic Dart               Conj           0%         1d3       99%         1
 Call Imp                 Summ           0%         N/A       100%        2
 Mephitic Cloud           Conj/Pois/Air  0%         N/A       100%        3


Dungeon Overview and Level Annotations

Branches:
Dungeon (2/15)

Altars:


Message History

The adder bites you. The jackal bites you. You block the adder's attack.
The adder bites you.
The jackal bites you but does no damage.
Your shield prevents you from hitting the jackal.
The jackal is moderately wounded.
You slash the adder! You miss the adder. You block the adder's attack. x2
The jackal closely misses you. The adder bites you.
You are poisoned.
The adder poisons you! The adder bites you.
You are more poisoned.
The adder poisons you!
The jackal bites you but does no damage.
You closely miss the adder.
The adder is almost dead.
You barely miss the jackal. You slash the adder!
You feel very sick. The adder bites you but does no damage.
The adder bites you.
The jackal bites you but does no damage.
You block the adder's attack. The adder bites you.
* * * LOW HITPOINT WARNING * * *
The jackal bites you but does no damage.
You feel very mighty all of a sudden.
* * * LOW HITPOINT WARNING * * *
You feel sick. The adder closely misses you. The jackal misses you.
The adder bites you.
* * * LOW HITPOINT WARNING * * *
You hit the adder.
You kill the adder!
You barely miss the adder. You slash the jackal!
You kill the jackal!
* * * LOW HITPOINT WARNING * * *
You feel sick. You block the adder's attack. The adder barely misses you.
The jackal barely misses you.
Your Axes skill increases to level 4!
You have reached level 4!
You closely miss the adder.
The adder is severely wounded.
You closely miss the kobold. You slash the jackal!
You kill the jackal!
You die...

..........#
..........#
..........#
#.........#
#.........#
#.........#
#)........#
#.........#
#........@#
###+#...SK†......
#...!........
#)........#####
##.?......#
#........#
##.......#
#.......#


You could see an adder and a kobold.

Vanquished Creatures
  2 adders (D:2)
  A worm (D:2)
  4 ball pythons (D:1)
  4 endoplasms
  4 giant cockroaches
  3 goblins
  4 hobgoblins (D:1)
  2 jackals (D:2)
  3 kobolds (D:1)
  2 quokkas (D:1)
  4 bats
  4 rats
37 creatures vanquished.

Notes
Turn   | Place    | Note
-------+----------+-------------------------------------------
     0 | D:1      | zeram the Hill Orc Fighter began the quest for the Orb.
     0 | D:1      | Reached XP level 1. HP: 19/19 MP: 1/1
    92 | D:1      | Reached XP level 2. HP: 21/27 MP: 2/2
   200 | D:1      | Reached skill level 3 in Axes
   530 | D:1      | Reached XP level 3. HP: 33/33 MP: 3/3
  1117 | D:2      | HP: 1/33 [poisoned by an adder]
  1118 | D:2      | Reached skill level 4 in Axes
  1118 | D:2      | Reached XP level 4. HP: 2/40 MP: 4/4
  1118 | D:2      | Succumbed to an adder's poison

Illustrated notes

Levels and vault maps discovered:
D:1:      dpeg_arrival_round_b, layout_loops_cross
D:2:      layout_basic, patterned_corridor

Skill      XL: |  1  2  3 |
---------------+----------+-----
Axes           | 3 4 |  4.0
Fighting       | |  3.9
Armour         | |  3.7
Dodging        | |  0.4
Shields        | |  3.9

Action                   |  1- 3 |  4- 6 || total
-------------------------+-------+-------++-------
Melee: War axe           |    87 |     1 ||    88
  Use: Potion            |     1 |       ||     1
Armor: Scale mail        |    49 |       ||    49
Dodge: Dodged            |    22 |       ||    22
Block: Kite shield       |    52 |       ||    52
